 Dungeon Crawl Stone Soup version 0.31-a0-202-g547052bce9 (webtiles) character file.

Game seed: 10844458215676094113

107 qw the Skirmisher (level 4, 0/25 HPs)
             Began as a Deep Elf Hunter on June 26, 2023.
             Succumbed to their own poison gas
             ... on level 2 of the Dungeon.
             The game lasted 00:00:38 (1763 turns).

qw the Skirmisher (Deep Elf Hunter)                 Turns: 1763, Time: 00:00:39

Health: 0/25       AC:  5    Str: 10    XL:     4   Next: 56%
Magic:  6/6        EV: 11    Int: 14    God:
Gold:   160        SH:  0    Dex: 18    Spells: 3/3 levels left

rFire   . . .        Y - +0 shortbow
rCold   . . .        (shield currently unavailable)
rNeg    . . .        g - +0 ring mail
rPois   .            (no helmet)
rElec   .            (no cloak)
rCorr   .            (no gloves)
SInv    .            (no boots)
Will    .....        (no amulet)
Stlth   +            (no ring)
HPRegen 0.24/turn    (no ring)
MPRegen 0.10/turn

%: no passive effects
@: lethally poisoned (0 -> -1)
A: no striking features
a: no special abilities


You were on level 2 of the Dungeon.
You visited 1 branch of the dungeon, and saw 2 of its levels.

You collected 160 gold pieces.


   Skills:
 - Level 1.5 Fighting
 + Level 8.0 Ranged Weapons
 - Level 2.4 Dodging
 - Level 1.2 Stealth


You had 3 spell levels left.
You didn't know any spells.
Your spell library was empty.

Inventory:

Hand Weapons
 Y - a +0 shortbow (weapon)
Armour
 g - a +0 ring mail (worn)
Jewellery
 b - the amulet of Naxkiexa {Acrobat Harm *Corrode Regen+ Int+7}
   (You found it on level 2 of the Dungeon)

   [amulet of the acrobat]

   It increases your evasion while moving and waiting.
   Int:       It affects your intelligence (+7).
   Regen:     It increases your rate of health regeneration.
   *Corrode:  It may corrode you when you take damage.
   Harm:      It increases damage dealt and taken.
Scrolls
 a - a scroll of identify
Potions
 c - a potion of heal wounds {unknown}
 f - a potion of magic {unknown}

Dungeon Overview and Level Annotations

Branches:
Dungeon (2/15)

Altars:

Annotations:
D:1 1 transporter


Message History

Done exploring.
(D) Dungeon
Where to? (* - list waypoints, Enter - D:2, ? - help)
What level of the Dungeon? (default 1, ? - help) Sorry, I don't know how to get there.
Enter note:
Enter note:
Enter note:
Enter note:
Enter note:
Enter note:
Enter note:
Enter note:
Enter note:
Enter note:
Enter note:
Enter note: Really walk into that cloud of poison gas?
You are engulfed in poison gas.
You are poisoned.
You feel very sick.
1754 ||| Stepping ~*~*~tactically~*~*~ (cloud).
You feel very sick.
There is a lethal amount of poison in your body!
You feel very sick.
There is a lethal amount of poison in your body!
You feel sick.
There is a lethal amount of poison in your body!
You feel sick.
There is a lethal amount of poison in your body!
You feel sick.
There is a lethal amount of poison in your body!
You feel sick.
There is a lethal amount of poison in your body!
You feel sick.
There is a lethal amount of poison in your body!
You feel sick.
There is a lethal amount of poison in your body!
You feel sick.
There is a lethal amount of poison in your body!
You die...

.....# #....# #.#.#
.....###.##.# #.#.#
.........##.# #.#.#
.##.###..##.# #.#.#
.##.#....##.# #.#.#
.##.#.#.###.###.#.#
....#.#.# #.....#.#
#####.#.#########.##
.#.##.#..¤00¤.¤.@0.#
.#....##############
.#.#########
...........#
#####.####.#######
......# #.......#
####..# #.#####.#
......# ### #.#
####.## #.#


There were no monsters in sight!

Vanquished Creatures
  Jessica (D:2)
  An adder (D:2)
  A gnoll (D:1)
  2 worms (D:2)
  A dart slug (D:2)
  4 ball pythons
  5 endoplasms
  3 giant cockroaches
  7 goblins
  5 hobgoblins (D:1)
  7 kobolds
  A quokka (D:1)
  5 bats
  A frilled lizard (D:2)
  5 rats
49 creatures vanquished.

Notes
Turn   | Place    | Note
-------+----------+-------------------------------------------
     0 | D:1      | qw the Deep Elf Hunter began the quest for the Orb.
     0 | D:1      | Reached XP level 1. HP: 12/12 MP: 3/3
     0 | D:1      | 0 ||| qw: Version: 0.3-a-22-g0ed2b0b
     0 | D:1      | 0 ||| qw: Game counter: 5977
     0 | D:1      | 0 ||| qw: Melee chars always use a shield: true
     0 | D:1      | 0 ||| qw: God list: Okawaru
     0 | D:1      | 0 ||| qw: Allow faded altars: false
     0 | D:1      | 0 ||| qw: Do Orc after clearing Dungeon:15 true
     0 | D:1      | 0 ||| qw: Do second Lair branch before Depths: true
     0 | D:1      | 0 ||| qw: Lair rune preference: random
     0 | D:1      | 0 ||| qw: Goals: Normal
     0 | D:1      | 0 ||| PLANNING D:1-11
   100 | D:1      | Reached skill level 6 in Ranged Weapons
   100 | D:1      | Reached XP level 2. HP: 16/16 MP: 4/4
   256 | D:1      | Found a faded altar of an unknown god.
   288 | D:1      | Reached XP level 3. HP: 20/20 MP: 5/5
   670 | D:1      | 670 ||| UPGRADING to +0 ring mail.
   680 | D:1      | 680 ||| DROPPING +0 leather armour.
   681 | D:1      | 681 ||| READING scroll labelled VEUZUE COQOU.
   682 | D:1      | 682 ||| READING scroll labelled XIDUUH NIDIA.
   683 | D:1      | 683 ||| READING scroll labelled GESTIO JYOMACW.
   684 | D:1      | 684 ||| DROPPING scroll of butterflies.
   762 | D:2      | Noticed Jessica
   766 | D:2      | HP: 1/20 [Jessica/nerve-wracking pain (9)]
   768 | D:2      | Killed Jessica
   769 | D:2      | Reached skill level 7 in Ranged Weapons
   769 | D:2      | Reached XP level 4. HP: 1/25 MP: 6/6
   991 | D:2      | Identified the amulet of Naxkiexa {Acrobat Harm *Corrode
                  | Regen+ Int+7}
  1656 | D:2      | Reached skill level 8 in Ranged Weapons
  1752 | D:2      | 1752 ||| READING scroll labelled VOTOUR JISMYLL.
  1754 | D:2      | 1754 ||| Stepping ~*~*~tactically~*~*~ (cloud).
  1757 | D:2      | HP: 6/25 [poisoned by you (poison gas)]
  1760 | D:2      | HP: 2/25 [poisoned by you (poison gas)]
  1763 | D:2      | Succumbed to their own poison gas

Levels and vault maps discovered:
D:1:      spicycebolla_arrival_risky_transporter, layout_loops_cross,
          shapermc_ecumenical_altar_notcrosses, minivault_24, minmay_tripent
D:2:      minmay_skewed_foursquare, layout_basic,
          chequers_serial_rivers_micro_d, uniq_jessica

Skill      XL: |  1  2  3  4 |
---------------+-------------+-----
Ranged Weapons | 6 7 8 |  8.0
Fighting       | |  1.5
Dodging        | |  2.4
Stealth        | |  1.2

Action                     |  1- 3 |  4- 6 || total
---------------------------+-------+-------++-------
   Fire: Shortbow          |    61 |    81 ||   142
    Use: Scroll            |     3 |     1 ||     4
 Armour: Leather armour    |     3 |       ||     3
         Ring mail         |       |    12 ||    12
  Dodge: Dodged            |     4 |    21 ||    25

Table legend:
 A = Non-vault XP
 B = Vault XP
 C = Vault XP percentage of total XP
 D = Non-vault monster count
 E = Vault monster count
 F = Vault count percentage of total count
                 A         B        C        D         E       F
            +---------+---------+-------+---------+---------+-------
      Total |      98 |      55 |  35.9 |      39 |      10 |  20.4
            +---------+---------+-------+---------+---------+-------
        D:1 |      57 |       4 |   6.6 |      26 |       2 |   7.1
        D:2 |      41 |      51 |  55.4 |      13 |       8 |  38.1
            +---------+---------+-------+---------+---------+-------
